 Dungeon Crawl Stone Soup version 0.30.1-11-g7821555f0a (webtiles) character file.

Game seed: 1260145627600195270

53 SacredBeard the Grave Robber (level 3, 0/25 HPs)
             Began as a Demonspawn Necromancer on Nov 28, 2023.
             Slain by Robin
             ... wielding a +0 dagger
              (2 damage)
             ... on level 2 of the Dungeon.
             The game lasted 00:04:53 (2062 turns).

SacredBeard the Grave Robber (DsNe)                 Turns: 2062, Time: 00:04:55

Health: 0/25       AC: 11    Str:  8    XL:     3   Next: 62%
Magic:  4/7        EV:  6    Int: 16    God:
Gold:   62         SH:  0    Dex: 15    Spells: 6/7 levels left

rFire   . . .        c - +0 short sword
rCold   + . .        (no shield)
rNeg    . . .        i - +3 chain mail {rC+}
rPois   .            (no helmet)
rElec   .            (no cloak)
rCorr   .            (no gloves)
SInv    .            (no boots)
Will    .....        (no amulet) Stlth
                     o - ring of flight
HPRegen 0.24/turn    (no ring)
MPRegen 0.10/turn

%: no passive effects
@: lethally poisoned (0 -> -4), flying, very slightly contaminated, hasted, very
quick
A: sturdy frame 1, weakness stinger 1
a: no special abilities


You were on level 2 of the Dungeon.
You visited 1 branch of the dungeon, and saw 2 of its levels.

You collected 62 gold pieces.

Inventory:

Hand Weapons
 c - a +0 short sword (weapon)
 m - a +0 falchion
 n - a +0 spear
Missiles
 e - 7 stones
Armour
 h - a +0 kite shield
 i - a +3 chain mail of cold resistance (worn)
Jewellery
 o - a ring of flight (left hand)
Scrolls
 a - a scroll of identify
 j - a scroll of amnesia
Potions
 b - a potion of magic
 d - 3 potions of brilliance {unknown}
 f - a potion of might {unknown}
 g - 2 potions of berserk rage {unknown}


   Skills:
 * Level 0.5 Fighting
 - Level 1.7 Dodging
 - Level 1.7 Stealth
 + Level 2.9 Spellcasting
 + Level 5.1 Necromancy


You had 6 spell levels left.
You knew the following spells:

 Your Spells              Type           Power      Damage    Failure   Level
a - Necrotise             Necr           72%        1d7       54%         1

Your spell library contained the following spells:

 Spells                   Type           Power      Damage    Failure   Level
 Vampiric Draining        Necr           18%        2d7       89%         3
 Ensorcelled Hibernation  Hex/Ice        4%         N/A       100%        2
 Lesser Beckoning         Tloc           4%         N/A       100%        2
 Passwall                 Tmut/Erth      1%         N/A       100%        2
 Gell's Gravitas          Tloc           2%         N/A       100%        3
 Swiftness                Air            2%         N/A       100%        3
 Teleport Other           Tloc           2%         N/A       100%        3
 Animate Dead             Necr           18%        N/A       100%        4
 Agony                    Necr           18%        N/A       100%        5


Dungeon Overview and Level Annotations

Branches:
Dungeon (2/15) Zot: 9931

Altars:

Shops:
D:1 (

Annotations:
D:2 Robin


Innate Abilities, Weirdness & Mutations

Your movements are slightly less encumbered by armour. (ER -2)
You have a small tail.


Message History

Aim: a goblin, wielding a +0 club (severely wounded, strong, chance to affect: 88%)
You miscast Necrotise.
You are very lightly contaminated with residual magic.
Nothing appears to happen.
The goblin no longer looks unusually strong.
The hobgoblin barely misses you. Robin barely misses you.
The goblin completely misses you.
A rat comes into view.
A goblin comes into view. It is wielding a +1 dagger of freezing.
Casting: Necrotise (safe; 56% risk of failure)
Confirm with . or Enter, or press ? or * to list all spells.
Aiming: Necrotise (safe; 56% risk of failure)
Press: ? - help, Shift-Dir - straight line, f/p - goblin
Aim: a goblin, wielding a +0 club (severely wounded, strong, chance to affect: 88%)
The goblin writhes in agony.
You kill the goblin!
Robin roars a battlecry!
The goblins go into a battle-frenzy!
The hobgoblin hits you but does no damage.
A goblin comes into view. It is wielding a +0 club.
The adder barely misses you. Robin hits you but does no damage.
As you read the scroll labelled YSMENA HUILLERY, it crumbles to dust.
It is a scroll of identify.
j - a scroll of amnesia The hobgoblin hits you but does no damage.
Robin hits you but does no damage. The adder barely misses you.
As you read the scroll labelled TELELI EWUIVU, it crumbles to dust.
It is a scroll of enchant armour.
Your +2 chain mail of cold resistance glows green for a moment.
Robin hits you but does no damage. The adder closely misses you.
The goblin barely misses something.
The hobgoblin hits you but does no damage.
Robin hits you but does no damage.
You feel yourself speed up. The adder bites you.
* * * LOW HITPOINT WARNING * * *
You are poisoned.
The adder poisons you! The hobgoblin hits you.
* * * LOW HITPOINT WARNING * * *
Robin hits you with a +0 dagger.
You die... ......###....# ......# ...[# .... .###### ##.. .... .# . ... .######## #g. ........# ##r. #######.#### #Sg

#..........# #S#
#..........# ###@#
#..........###ggg#
#######....#.gg###
#####..†#####
.....†..g....#
#####........#
#)######## #.. #..


You could see Robin (fast), an adder, 2 hobgoblins, 4 goblins, a ball python and
a rat.

Vanquished Creatures
  2 dart slugs (D:1)
  4 bats (D:1)
  8 endoplasms
  A giant cockroach (D:1)
  2 hobgoblins
  4 quokkas (D:1)
  5 ball pythons
  3 frilled lizards (D:1)
  2 goblins
  3 kobolds
  6 rats (D:1)
40 creatures vanquished.

Vanquished Creatures (collateral kills)
  2 goblins
  A quokka (D:2)
  A ball python (D:2)
4 creatures vanquished.

Grand Total: 44 creatures vanquished

Notes
Turn   | Place    | Note
-------+----------+-------------------------------------------
     0 | D:1      | SacredBeard the Demonspawn Necromancer began the quest for
                  | the Orb.
     0 | D:1      | Reached XP level 1. HP: 13/13 MP: 3/3
   144 | D:1      | Gained mutation: You have a small tail. [demonic ancestry]
   144 | D:1      | Reached XP level 2. HP: 15/19 MP: 0/5
   921 | D:1      | Reached skill level 5 in Necromancy
   921 | D:1      | Gained mutation: Your movements are slightly less
                  | encumbered by armour. (ER -2) [demonic ancestry]
   921 | D:1      | Reached XP level 3. HP: 21/24 MP: 0/7
  1515 | D:1      | Found Vykk's Weapon Emporium.
  2040 | D:2      | Noticed Robin
  2062 | D:2      | Slain by Robin

Illustrated notes

Levels and vault maps discovered:
D:1:      roderic_crop_circles_arrival_small, layout_basic, serial_shops,
          nicolae_shop_stone, chequers_hall_statues_wall_a, minmay_crystal_water
D:2:      layout_basic, minmay_hexomino_u4, uniq_robin

Skill      XL: |  1  2 |
---------------+-------+-----
Necromancy     | 5 |  5.1
Fighting       | |  0.5
Dodging        | |  1.7
Stealth        | |  1.7
Spellcasting   | |  2.9

Action                     || total
---------------------------++-------
  Melee: Unarmed           ||     5
         Short sword       ||    60
         Punch             ||     2
         Tailslap          ||     3
   Cast: Necrotise         ||    51
    Use: Scroll            ||     2
         Potion            ||     1
   Stab: Distracted        ||     1
 Armour: Chain mail        ||    79
  Dodge: Dodged            ||    35
